cohdb
Replays
Latest Replays
All Replays
Popular Replays
Top Player Replays
Match Explorer
How It Works
Community
CoH3 Stats
Reddit
Sign in to upload your games and track your stats! →
Sign in with Steam
Match 39841309
Unlisted
Match 39841309
Overview
Messages
Build Orders
End
Kettenkrad Recon Vehicle
Selects Italian Coastal Battlegroup
Selects Coastal Reserves
Coastal Reserve
Coastal Reserve
Construct Infanterie Kompanie
Medical Station
MG 42 Machine Gun Team
Construct Luftwaffe Kompanie
Coastal Reserve
221 Scout Car
Selects Support Bunkers
Selects Rapid Fortifications
Rapid Fortifications
MG 42 Bunker
Construct Panzergrenadier Kompanie
Pak 40 Anti-tank Gun Team
Medical Bunker
Selects Bulwark
Support Elements
MG 42 Bunker
Nebelwerfer 42 Rocket Launcher Team
StuG III G Assault Gun
221 Scout Car
Rapid Fortifications
Pioneer Squad
MG 42 Bunker
Selects Artillery Officer
Selects Obice da 210/22 Artillery Emplacement
MG 42 Bunker
Wirbelwind Flakpanzer
Coastal Reserve
Rapid Fortifications
MG 42 Bunker
MG 42 Bunker
MG 42 Machine Gun Team
[HK] Krom !
Lusignan
BigTiddyLebron
kreumat
0
0
Comments
sign in to comment!
No comments posted yet!